 Dungeon Crawl Stone Soup version 0.29-a0-323-g050149af67 (webtiles) character file.

Game seed: 8847351346738219021

3 Dabor the Sneak (level 1, -3/15 HPs)
             Began as a Naga Fire Elementalist on Apr 10, 2022.
             Slain by a goblin
             ... wielding a +0 dagger
              (4 damage)
             ... on level 1 of the Dungeon.
             The game lasted 00:00:13 (45 turns).

Dabor the Sneak (Naga Fire Elementalist)              Turns: 45, Time: 00:00:14

Health: -3/15      AC:  1    Str: 10    XL:     1   Next: 50%
Magic:  0/3        EV:  9    Int: 15    God:
Gold:   0          SH:  0    Dex: 11    Spells: 3/4 levels left

rFire   . . .      SeeInvis +   (no weapon)
rCold   . . .      Faith    .   (no shield)
rNeg    . . .      Spirit   .   a - +0 robe
rPois   +          Reflect  .   (no helmet)
rElec   .          Harm     .   (no cloak)
rCorr   .          Rampage  .   (no gloves)
Will    .....                   (no barding)
Stlth   ++........              (no amulet)
HPRegen 0.05/turn               (no ring)
MPRegen 0.08/turn               (no ring)

@: very slow
A: AC +0, large, see invisible, deformed body, poison resistance, slowness 2,
spit poison 1, naga tail 1
a: Spit Poison


You were on level 1 of the Dungeon.
You visited 1 branch of the dungeon, and saw 1 of its levels.

Inventory:

Armour
 a - a +0 robe (worn)
Potions
 b - a potion of magic


   Skills:
 + Level 1.6 Dodging
 + Level 3.1 Stealth
 + Level 2.0 Spellcasting
 + Level 1.1 Conjurations
 + Level 3.0 Fire Magic


You had 3 spell levels left.
You knew the following spells:

 Your Spells              Type           Power      Damage    Failure   Level
a - Foxfire               Conj/Fire      28%        2x1d5     10%         1

Your spell library contained the following spells:

 Spells                   Type           Power      Damage    Failure   Level
 Scorch                   Fire           20%        2d6       10%         2
 Conjure Flame            Conj/Fire      7%         6-21      28%         3
 Inner Flame              Hex/Fire       6%         N/A       34%         3
 Flame Wave               Conj/Fire      7%         2d5       67%         4


Dungeon Overview and Level Annotations

Branches:
Dungeon (1/15)

Altars:


Innate Abilities, Weirdness & Mutations

Your serpentine skin is tough. (AC +0)
You have supernaturally acute eyesight. (SInv)
Armour fits poorly on your strangely shaped body.
Your system is resistant to poisons. (rPois)
You cover ground very slowly.
You can spit poison.
You have a snake-like lower body.


Message History

You are very lightly contaminated with residual magic.
Nothing appears to happen.
You conjure some foxfire!
You conjure some foxfire!
You are too depleted to draw on your mana recklessly!
You are too depleted to draw on your mana recklessly!
A goblin comes into view. It is wielding a +0 club.
The foxfire hits the kobold.
You kill the kobold!
A kobold comes into view. It is wielding a +0 short sword.
Found a glowing mace.
The kobold shouts!
The goblin shouts!
The kobold moves out of view.
You see here a +0 short sword.
You closely miss the goblin.
A giant cockroach comes into view.
A goblin comes into view. It is wielding a +0 dagger.
The goblin hits you with a +0 club.
The giant cockroach moves out of view.
Your magical contamination has completely faded away.
You hit the goblin.
The goblin is heavily wounded.
The goblin hits you with a +0 club.
You hit the goblin.
You kill the goblin!
Casting: Foxfire (safe; 10% risk of failure)
Press: ? - help, Q - select action, (/) - cycle Dir - look around, f - activate You conjure some foxfire!
The kobold completely misses you. The kobold attacks as you move away!
The kobold hits you with a +0 short sword.
The foxfire hits the kobold but does no damage.
The foxfire hits the kobold.
You kill the kobold!
You closely miss the goblin. The goblin barely misses you.
You miss the goblin. The goblin hits you with a +0 dagger.
* * * LOW HITPOINT WARNING * * *
You miss the goblin. The goblin hits you with a +0 dagger.
* * * LOW HITPOINT WARNING * * *
You closely miss the goblin. The goblin hits you with a +0 dagger.
You die...

#.#..# #.#..# ##
####.#..# . .....$. .# .
#...# #.##...
#...##).....)
#....)g...)..
############..#.##.#?.B#
#...(....@g..).....# #
#.###########.#.#### #.#
#.##.# #.# #.# #.# #.#
#.# #.# #.# #.# ## #.#
#.. ###.# ## ♣♣8#.#


You could see a goblin.

Vanquished Creatures
  A goblin (D:1)
  2 kobolds (D:1)
3 creatures vanquished.

Vanquished Creatures (others)
  4 foxfires (D:1)
4 creatures vanquished.

Grand Total: 7 creatures vanquished

Notes
Turn   | Place    | Note
-------+----------+-------------------------------------------
     0 | D:1      | Dabor the Naga Fire Elementalist began the quest for the
                  | Orb.
     0 | D:1      | Reached XP level 1. HP: 15/15 MP: 3/3
    45 | D:1      | Slain by a goblin

Illustrated notes

Levels and vault maps discovered:
D:1:      saegor_arrival_simple_b, layout_loops_ring, dreamdust_wishing_well

Action                   || total
-------------------------++-------
Melee: Unarmed           ||     7
 Cast: Foxfire           ||     3
Dodge: Dodged            ||     2

Table legend: (Time is in decaauts)
 A = Elapsed time spent in this place.
 B = Non-inter-level travel time spent in this place.
 C = Inter-level travel time spent in this place.
 D = Time resting spent in this place.
 E = Time spent auto-exploring this place.
 F = Levels seen in this place.
 G = Mean time per level.
                   A        B        C        D        E       F      G
               +--------+--------+--------+--------+--------+-----+--------+
         Total |     58 |     58 |      0 |      0 |     25 |   1 |   58.0 |
       Dungeon |     58 |     58 |      0 |      0 |     25 |   1 |   58.0 |
               +--------+--------+--------+--------+--------+-----+--------+

Top non-repeatable levels by time:
     D:1: 58 daAuts
